 Dungeon Crawl Stone Soup version 0.28.0 (webtiles) character file.

Game seed: 6338828168384382881

1927 GordonOverkill the Gusty (level 8, -3/45 HPs)
             Began as a Deep Elf Artificer on Feb 18, 2022.
             Was an Initiate of Sif Muna.
             Slain by a boulder beetle (48 damage)
             ... on level 7 of the Dungeon.
             The game lasted 00:18:57 (13154 turns).

GordonOverkill the Gusty (Deep Elf Artificer)      Turns: 13154, Time: 00:18:58

Health: -3/45      AC:  5    Str: 15    XL:     8   Next: 96%
Magic:  19/19      EV: 12    Int: 19    God:    Sif Muna [......]
Gold:   170        SH:  0    Dex: 15    Spells: 12/19 levels left

rFire   . . .      SeeInvis .   u - +1 dagger (speed)
rCold   . . .      Faith    .   (no shield)
rNeg    . . .      Spirit   .   c - +2 robe {Will+}
rPois   .          Reflect  .   (no helmet)
rElec   .          Harm     .   (no cloak)
rCorr   .          Rampage  .   q - +0 pair of gloves
Will    +....                   (no boots)
Stlth   ++........              (no amulet)
HPRegen 0.15/turn               t - +6 ring of strength
MPRegen 0.16/turn               (no ring)

@: no status effects
A: no striking features
a: Renounce Religion


You were on level 7 of the Dungeon.
You worshipped Sif Muna.
Sif Muna was noncommittal.
You visited 2 branches of the dungeon, and saw 8 of its levels.

You collected 255 gold pieces.
You spent 85 gold pieces at shops.

Inventory:

Hand Weapons
 u - a +1 dagger of speed (weapon)
 z - a +2 short sword of holy wrath
Missiles
 m - 3 javelins (quivered)
Armour
 c - a +2 robe of willpower (worn)
 q - a +0 pair of gloves (worn)
Magical Staves
 e - a staff of conjuration
Jewellery
 t - a +6 ring of strength (left hand)
 v - a ring of ice
Wands
 d - a wand of charming (6)
 k - a wand of flame (18)
 A - a wand of iceblast (8)
Scrolls
 a - 2 scrolls of blinking {unknown}
 f - a scroll of enchant weapon {unknown}
 g - 2 scrolls of amnesia {unknown}
 i - a scroll of summoning {unknown}
 j - 2 scrolls of magic mapping {unknown}
 l - 3 scrolls of immolation
 n - a scroll of vulnerability {unknown}
 r - 3 scrolls of teleportation {unknown}
 s - 2 scrolls of fear {unknown}
 x - 2 scrolls of identify {unknown}
 D - a scroll of fog {unknown}
 E - a scroll of holy word {unknown}
Potions
 b - a potion of might {unknown}
 h - 2 potions of heal wounds {unknown}
 o - 2 potions of attraction {unknown}
 p - 3 potions of haste {unknown}
 w - a potion of brilliance {unknown}
 B - a potion of magic {unknown}
 C - 2 potions of lignification {unknown}
 F - a potion of curing {unknown}
Miscellaneous
 y - a piece from Xom's chessboard (12/15)


   Skills:
 + Level 2.7 Fighting
 - Level 0.7 Armour
 - Level 2.4 Dodging
 - Level 1.2 Stealth
 - Level 6.0 Spellcasting
 + Level 6.2 Conjurations
 * Level 7.1 Air Magic
 + Level 3.2 Invocations
 - Level 4.0 Evocations


You had 12 spell levels left.
You knew the following spells:

 Your Spells              Type           Power      Damage    Failure   Level
a - Static Discharge      Conj/Air       31%        N/A       1%          2
b - Lightning Bolt        Conj/Air       15%        1d29      21%         5

Your spell library contained the following spells:

 Spells                   Type           Power      Damage    Failure   Level
 Stone Arrow              Conj/Erth      34%        3d9       10%         3
 Freeze                   Ice            20%        1d4       11%         1
 Pain                     Necr           20%        1d5       11%         1
 Sandblast                Erth           10%        2d5       11%         1
 Passwall                 Tmut/Erth      4%         N/A       17%         2
 Hailstorm                Conj/Ice       17%        3d6       30%         4
 Frozen Ramparts          Ice            10%        1d3       32%         3
 Agony                    Necr           5%         N/A       97%         5
 Excruciating Wounds      Necr           2%         N/A       97%         5
 Maxwell's Capacitive Co  Air            16%        ∞         100%        8


Dungeon Overview and Level Annotations

Branches:
Dungeon (7/15)             Temple (1/1) D:5

Altars:
Ashenzari
Cheibriados
Gozag
Makhleb
Okawaru
Ru
Sif Muna
Vehumet
Wu Jian
Yredelemnul
Lugonu

Shops:
D:1 [*[:


Message History

You are struck by an arc of lightning.
Your piece from Xom's chessboard (12/15) has regained one charge.
You start resting.
Magic restored.
You start resting.
HP restored.
You see here a water moccasin corpse.
Found a tower shield.
m - 3 javelins
j - 2 scrolls labelled BYSHRA FUMEIL (gained 1)
You see here a +0 tower shield.
Aiming: Iceblast
Press: ? - help, Shift-Dir - straight line, f - boulder beetle
Aim: a boulder beetle (wandering, hasn't noticed you)
The mass of ice explodes!
The iceblast engulfs the boulder beetle but does no damage.
Aiming: Iceblast
Press: ? - help, Shift-Dir - straight line, f/p - boulder beetle
Aim: a boulder beetle The mass of ice explodes!
The iceblast engulfs the boulder beetle.
The boulder beetle is lightly wounded.
The boulder beetle curls into a ball and begins rolling!
Aiming: Iceblast
Press: ? - help, Shift-Dir - straight line, f/p - boulder beetle
Aim: a boulder beetle (lightly wounded, rolling)
The mass of ice explodes!
The iceblast engulfs the boulder beetle.
The boulder beetle is lightly wounded.
Aiming: Charm
Press: ? - help, Shift-Dir - straight line, f/p - boulder beetle
Aim: a boulder beetle (lightly wounded, rolling, chance to affect: 41%)
The boulder beetle resists with some effort.
Aiming: Charm
Press: ? - help, Shift-Dir - straight line, f/p - boulder beetle
Aim: a boulder beetle (lightly wounded, rolling, chance to affect: 41%)
The boulder beetle resists with some effort.
The boulder beetle hits you!!!
Ouch! That really hurt!
You die...

.#
#####[.........
.#
###.##.......
.# #...........
.# #..##.......
.# #..###....
## .#
#......... #.
#.####.### #.
#.###..# #.
#...@# #.
#####B.# #.
°.... #.
°#.....
........
.#.####
######(. .# #
#.. .# ... .#
.#°# .#.


You could see a boulder beetle (rolling).

Vanquished Creatures
  3 water moccasins
  2 ice beasts
  2 sky beasts (D:5)
  3 necrophages
  A centaur (D:3)
  An ogre (D:6)
  2 phantoms
  A wyvern zombie (D:6)
  A water moccasin zombie (D:4)
  A scorpion (D:4)
  A water moccasin skeleton (D:5)
  3 hounds
  A bullfrog skeleton (D:6)
  Natasha (thrice) (D:2)
  An iguana (D:5)
  An orc wizard (D:4)
  A hound skeleton (D:4)
  3 gnolls
  7 adders
  A shadow imp (D:7)
  A white imp (D:5)
  An ufetubus (D:6)
  2 adder skeletons
  2 dart slugs (D:4)
  4 orcs
  5 bats
  4 endoplasms
  6 giant cockroaches
  3 goblins
  6 hobgoblins
  6 jackals
  4 quokkas
  7 ball pythons
  6 frilled lizards
  8 kobolds
  4 rats
108 creatures vanquished.

Vanquished Creatures (collateral kills)
  An adder (D:2)
  An orc (D:4)
  A giant cockroach (D:4)
  A goblin (D:4)
  A hobgoblin (D:1)
  2 ball pythons (D:4)
7 creatures vanquished.

Vanquished Creatures (others)
  A worm (D:2)
  A hobgoblin (D:4)
2 creatures vanquished.

Grand Total: 117 creatures vanquished

Notes
Turn   | Place    | Note
-------+----------+-------------------------------------------
     0 | D:1      | GordonOverkill the Deep Elf Artificer began the quest for
                  | the Orb.
     0 | D:1      | Reached XP level 1. HP: 11/11 MP: 3/3
   363 | D:1      | Reached skill level 1 in Fighting
   453 | D:1      | Found Ojigoq's Antique Armour Shop.
   866 | D:1      | Reached XP level 2. HP: 10/16 MP: 3/5
  1052 | D:1      | Reached skill level 1 in Spellcasting
  1379 | D:1      | Found Esmotim's Book Boutique.
  1512 | D:1      | Found Todeurin's General Store.
  1527 | D:1      | Reached skill level 1 in Conjurations
  1624 | D:1      | Found Xigarao's Antique Armour Shoppe.
  1637 | D:1      | Learned a level 2 spell: Static Discharge
  1699 | D:2      | Reached skill level 1 in Air Magic
  1699 | D:2      | Reached XP level 3. HP: 20/20 MP: 7/7
  3276 | D:2      | Noticed Natasha
  3484 | D:2      | Killed Natasha
  3485 | D:2      | Reached XP level 4. HP: 6/25 MP: 9/9
  3891 | D:2      | Noticed Natasha
  3898 | D:2      | Killed Natasha
  3899 | D:2      | Reached skill level 2 in Air Magic
  4088 | D:2      | Noticed Natasha
  4091 | D:2      | Killed Natasha
  4092 | D:2      | Reached XP level 5. HP: 29/29 MP: 11/11
  4499 | D:3      | Noticed a phantom
  4512 | D:3      | Killed a phantom
  5289 | D:3      | Noticed a centaur
  5295 | D:3      | Killed a centaur
  5296 | D:3      | Reached skill level 3 in Air Magic
  5296 | D:3      | Reached XP level 6. HP: 20/34 MP: 4/14
  7127 | D:4      | Reached skill level 5 in Spellcasting
  7599 | D:4      | Reached XP level 7. HP: 33/38 MP: 16/16
  7679 | D:4      | Learned a level 5 spell: Lightning Bolt
  7696 | D:5      | Entered Level 5 of the Dungeon
  7852 | D:5      | Reached skill level 4 in Air Magic
  7885 | D:5      | Found a burning altar of Makhleb.
  8064 | D:5      | Found a staircase to the Ecumenical Temple.
  9018 | D:5      | Reached skill level 5 in Air Magic
  9205 | D:5      | Reached skill level 5 in Conjurations
  9283 | Temple   | Entered the Ecumenical Temple
  9337 | Temple   | Became a worshipper of Sif Muna the Loreminder
  9401 | D:5      | Reached XP level 8. HP: 23/43 MP: 19/19
  9556 | D:5      | Reached skill level 1 in Invocations
  9921 | D:6      | Reached skill level 6 in Air Magic
 10777 | D:1      | Bought a runed robe for 85 gold pieces
 11005 | D:6      | Found an iron altar of Okawaru.
 11699 | D:6      | Reached skill level 7 in Air Magic
 12237 | D:6      | Found an iron altar of Okawaru.
 12815 | D:7      | Noticed a boulder beetle
 13154 | D:7      | Slain by a boulder beetle

Illustrated notes

Levels and vault maps discovered:
D:1:      dpeg_arrival_tiny_a, layout_rooms, serial_shops, shop,
          nicolae_lakefront_shop, nicolae_square_shop, nicolae_shop_waterfront,
          hangedman_abyss_or_decor_stabs
D:2:      layout_rooms, minmay_misc_feat_nine_boxes, uniq_natasha
D:3:      layout_basic, minmay_misc_feat_encased
D:4:      layout_rooms
D:5:      layout_gridville, mainiacjoe_overflow_catwalk,
          minmay_temple_entry_large_hall
D:6:      layout_basic, lemuel_tele_altar
D:7:      layout_loops_ring, old_standard_altar, minitemple
Temple:   corrupted_temple

Skill      XL: |  1  2  3  4  5  6  7  8 |
---------------+-------------------------+-----
Fighting       | 1 2 |  2.7
Spellcasting   | 1 2 4 5 6 |  6.0
Conjurations   | 1 2 3 4 5 6 |  6.2
Air Magic      | 1 2 3 5 7 |  7.1
Evocations     | 4 |  4.0
Invocations    | 3 |  3.2
Armour         | |  0.7
Dodging        | |  2.4
Stealth        | |  1.2

Action                   |  1- 3 |  4- 6 |  7- 9 || total
-------------------------+-------+-------+-------++-------
Melee: Club              |    76 |       |       ||    76
       Punch             |     2 |     2 |       ||     4
       Dagger            |   105 |   187 |    25 ||   317
Throw: Javelin           |     3 |     4 |    22 ||    29
 Cast: Static Discharge  |       |    26 |    75 ||   101
Evoke: Wand              |    17 |     9 |    17 ||    43
       Piece from Xom's  |     4 |     1 |     4 ||     9
  Use: Potion            |     2 |       |       ||     2
       Scroll            |       |     1 |       ||     1
 Stab: Petrified         |     7 |       |       ||     7
       Sleeping          |     1 |     4 |       ||     5
       Paralysed         |       |       |     7 ||     7
Armor: Leather armour    |    67 |    52 |    17 ||   136
       Robe              |       |       |     5 ||     5
Dodge: Dodged            |   125 |   111 |    56 ||   292
